 Dungeon Crawl Stone Soup version 0.29.0-4-gdea44cf6ec (webtiles) character file.

Game seed: 4195105053200236382

37 qw the Chopper (level 3, -4/21 HPs)
             Began as a Tengu Warper on Aug 28, 2022.
             Slain by a gnoll
             ... wielding a +0 whip
              (7 damage)
             ... on level 2 of the Dungeon.
             The game lasted 00:00:07 (1496 turns).

qw the Chopper (Tengu Warper)                       Turns: 1496, Time: 00:00:07

Health: -4/21      AC:  3    Str: 13    XL:     3   Next: 39%
Magic:  7/7        EV: 12    Int: 13    God:
Gold:   82         SH:  0    Dex: 13    Spells: 6/6 levels left

rFire   . . .      SeeInvis .   Y - +0 hand axe
rCold   . . .      Faith    .   (no shield)
rNeg    . . .      Spirit   .   b - +0 leather armour
rPois   .          Reflect  .   (helmet restricted)
rElec   .          Harm     .   (no cloak)
rCorr   .          Rampage  .   (no gloves)
Will    .....                   (boots unavailable)
Stlth   +.........              (no amulet)
HPRegen 0.07/turn               (no ring)
MPRegen 0.10/turn               (no ring)

@: no status effects
A: beak, talons 3
a: no special abilities


You were on level 2 of the Dungeon.
You visited 1 branch of the dungeon, and saw 2 of its levels.

You collected 82 gold pieces.


Innate Abilities, Weirdness & Mutations

You have a beak for a mouth.
You have claws for feet.


   Skills:
 - Level 2.0 Fighting
 + Level 4.1 Axes
 - Level 1.0 Throwing
 - Level 1.1 Armour
 - Level 2.1 Dodging
 - Level 2.0 Spellcasting
 - Level 2.4 Translocations


You had 6 spell levels left.
You didn't know any spells.
Your spell library contained the following spells:

 Spells                   Type           Power      Damage    Failure   Level
 Blink                    Tloc           14%        N/A       19%         2
 Gell's Gravitas          Tloc           7%         N/A       36%         3
 Lesser Beckoning         Tloc           7%         N/A       36%         3
 Teleport Other           Tloc           7%         N/A       36%         3
 Manifold Assault         Tloc           7%         N/A       98%         5

Inventory:

Hand Weapons
 i - a +0 flail
 Y - a +0 hand axe (weapon)
Missiles
 h - 6 silver javelins (quivered)
Armour
 b - a +0 leather armour (worn)
 c - a +0 scale mail
Potions
 a - a potion of magic {unknown}
 d - 2 potions of curing {unknown}
 e - a potion of resistance {unknown}
 g - a potion of heal wounds {unknown}

Dungeon Overview and Level Annotations

Branches:
Dungeon (2/15)

Altars:


Message History

You hit the hobgoblin.
You claw the hobgoblin, but do no damage.
Your peck misses the hobgoblin.
The hobgoblin is almost dead.
The hobgoblin hits you.
You barely miss the hobgoblin. You claw the hobgoblin.
You kill the hobgoblin!
You start resting.
HP restored.
You see here a hobgoblin corpse.
You now have 82 gold pieces (gained 12).
A gnoll comes into view. It is wielding a +0 halberd.
Found a book of Dreams.
Enter note:
Enter note:
1385 ||| Stepping ~*~*~tactically~*~*~ (hiding).
You start waiting.
Done waiting.
The gnoll shouts!
1487 ||| Stepping ~*~*~tactically~*~*~ (hiding).
You start waiting.
A gnoll is nearby!
A gnoll comes into view. It is wielding a +0 whip.
The gnoll shouts!
The gnoll closely misses you.
You closely miss the gnoll. You claw the gnoll. Your peck misses the gnoll.
The gnoll is lightly wounded.
The gnoll barely misses you.
You hit the gnoll but do no damage. Your kick misses the gnoll.
The gnoll is lightly wounded.
You hit the gnoll.
The gnoll is lightly wounded.
You barely miss the gnoll. The gnoll closely misses you.
The gnoll hits you with a +0 halberd! The gnoll hits you with a +0 halberd.
The gnoll hits you with a +0 whip.
You hit the gnoll.
The gnoll is moderately wounded.
You barely miss the gnoll. The gnoll hits you with a +0 whip!
You die...

########....... #.
##...... #.# #####
#.#.... .... #...#
#.##... :...#
#.#.###.....# #....
#.#..........
##...######.#####.###..
#.................# .
.#g@.....#######
#g####### #. #. #. #.
#. ..


You could see 2 gnolls.

Vanquished Creatures
  A dart slug (D:2)
  4 bats (D:1)
  2 endoplasms (D:1)
  3 giant cockroaches
  5 goblins
  5 hobgoblins
  A quokka (D:1)
  2 frilled lizards (D:1)
  4 kobolds (D:1)
  3 rats (D:1)
30 creatures vanquished.

Notes
Turn   | Place    | Note
-------+----------+-------------------------------------------
     0 | D:1      | qw the Tengu Warper began the quest for the Orb.
     0 | D:1      | Reached XP level 1. HP: 12/12 MP: 4/4
     0 | D:1      | 0 ||| qw: Version: 0.1-a-89-g26bdef1
     0 | D:1      | 0 ||| qw: Game counter: 2636
     0 | D:1      | 0 ||| qw: Always use a shield: true
     0 | D:1      | 0 ||| qw: God list: Okawaru
     0 | D:1      | 0 ||| qw: Allow faded altars: false
     0 | D:1      | 0 ||| qw: Do Orc after D:15 true
     0 | D:1      | 0 ||| qw: Do second Lair branch before Depths: true
     0 | D:1      | 0 ||| qw: Lair rune preference: random
     0 | D:1      | 0 ||| qw: Plans: Normal
     0 | D:1      | 0 ||| PLANNING D:1-11
   340 | D:1      | 340 ||| Stepping ~*~*~tactically~*~*~ (stealth).
   392 | D:1      | 392 ||| Stepping ~*~*~tactically~*~*~ (stealth).
   405 | D:1      | 405 ||| Stepping ~*~*~tactically~*~*~ (stealth).
   413 | D:1      | 413 ||| Stepping ~*~*~tactically~*~*~ (stealth).
   419 | D:1      | Reached XP level 2. HP: 17/17 MP: 6/6
   462 | D:1      | Reached skill level 3 in Axes
   474 | D:1      | 474 ||| Stepping ~*~*~tactically~*~*~ (stealth).
   519 | D:1      | 519 ||| Stepping ~*~*~tactically~*~*~ (stealth).
   528 | D:1      | 528 ||| Stepping ~*~*~tactically~*~*~ (stealth).
   649 | D:1      | Reached XP level 3. HP: 12/21 MP: 7/7
   903 | D:1      | 903 ||| DROPPING +0 club.
  1045 | D:1      | 1045 ||| READING 2 scrolls labelled MOIJ EWAAKUMP.
  1046 | D:1      | 1046 ||| READING scroll labelled PEGUIK HENE.
  1047 | D:1      | 1047 ||| DROPPING scroll of summoning.
  1048 | D:1      | 1048 ||| DROPPING scroll of blinking.
  1108 | D:2      | Reached skill level 4 in Axes
  1155 | D:2      | 1155 ||| Stepping ~*~*~tactically~*~*~ (hiding).
  1385 | D:2      | 1385 ||| Stepping ~*~*~tactically~*~*~ (hiding).
  1487 | D:2      | 1487 ||| Stepping ~*~*~tactically~*~*~ (hiding).
  1495 | D:2      | HP: 3/21 [gnoll/+0 whip (6)]
  1496 | D:2      | Slain by a gnoll

Levels and vault maps discovered:
D:1:      scummos_arrival_hexagon, layout_loops_ring
D:2:      layout_loops_ring

Skill      XL: |  1  2  3 |
---------------+----------+-----
Axes           | 3 4 |  4.1
Fighting       | |  2.0
Throwing       | |  1.0
Armour         | |  1.1
Dodging        | |  2.1
Spellcasting   | |  2.0
Translocations | |  2.4

Action                   || total
-------------------------++-------
Melee: Hand axe          ||    72
       Peck              ||     9
       Kick              ||    11
Throw: Boomerang         ||     7
       Javelin           ||     9
  Use: Scroll            ||     2
Armor: Leather armour    ||    21
Dodge: Dodged            ||    29

Table legend:
 A = Non-vault XP
 B = Vault XP
 C = Vault XP percentage of total XP
 D = Non-vault monster count
 E = Vault monster count
 F = Vault count percentage of total count
                 A         B        C        D         E       F
            +---------+---------+-------+---------+---------+-------
      Total |      53 |       0 |   0.0 |      30 |       0 |   0.0
            +---------+---------+-------+---------+---------+-------
        D:1 |      41 |       0 |   0.0 |      25 |       0 |   0.0
        D:2 |      12 |       0 |   0.0 |       5 |       0 |   0.0
            +---------+---------+-------+---------+---------+-------
